 Dungeon Crawl Stone Soup version 0.28-a0-305-g9e858e973b (webtiles) character file.

Game seed: 8870273772232328970

4564 frimble the Poker (level 10, -10/79 HPs)
             Began as a Gnoll Wanderer on Aug 29, 2021.
             Mangled by an ice devil (18 damage)
             ... summoned by a kobold demonologist
             ... on level 7 of the Dungeon.
             The game lasted 00:10:29 (8320 turns).

frimble the Poker (Gnoll Wanderer)                  Turns: 8320, Time: 00:10:30

Health: -10/79     AC: 13    Str: 23    XL:     10   Next: 40%
Magic:  17/17      EV:  9    Int: 16    God:
Gold:   398        SH:  0    Dex: 11    Spells: 19/19 levels left

rFire   . . .      SeeInvis .   a - +2 hand axe (spect)
rCold   . . .      Faith    .   (no shield)
rNeg    . . .      Spirit   .   i - +2 chain mail {rPois}
rPois   +          Reflect  .   (no helmet)
rElec   .          Harm     .   (no cloak)
rCorr   .          Rampage  .   (no gloves)
Will    .....                   w - +0 pair of boots
Stlth   ..........              (no amulet)
HPRegen 0.23/turn               d - +6 ring of strength
MPRegen 0.15/turn               t - +6 ring of strength

@: no status effects
A: fangs 1, strong nose, distributed training
a: no special abilities


You were on level 7 of the Dungeon.
You visited 1 branch of the dungeon, and saw 7 of its levels.

You collected 398 gold pieces.

Inventory:

Hand Weapons
 a - a +2 spectral hand axe (weapon)
 c - a +0 spear
 e - a +0 dagger
Missiles
 h - 4 boomerangs
 o - 2 silver javelins (quivered)
Armour
 i - a +2 chain mail of poison resistance (worn)
 w - a +0 pair of boots (worn)
Jewellery
 d - a +6 ring of strength (left hand)
 q - a ring of flight
 t - a +6 ring of strength (right hand)
 u - a +6 ring of intelligence
Wands
 s - a wand of flame (14)
 x - a wand of polymorph (20)
Scrolls
 k - a scroll of identify
 m - a scroll of magic mapping
 v - a scroll of immolation {unknown}
Potions
 f - 2 potions of brilliance
 g - a potion of curing
 j - 3 potions of ambrosia
 l - 2 potions of flight
 n - a potion of mutation
 p - a potion of cancellation


   Skills:
 + Level 7.0 Fighting
 + Level 5.2 Short Blades
 + Level 5.2 Long Blades
 + Level 5.9 Axes
 + Level 5.2 Maces & Flails
 + Level 7.0 Polearms
 + Level 5.2 Staves
 + Level 5.2 Slings
 + Level 5.2 Bows
 + Level 5.2 Crossbows
 + Level 5.9 Throwing
 + Level 5.9 Armour
 + Level 5.2 Dodging
 + Level 6.8 Stealth
 + Level 5.9 Shields
 + Level 5.2 Unarmed Combat
 + Level 5.2 Spellcasting
 + Level 4.3 Conjurations
 + Level 4.3 Hexes
 + Level 4.3 Summonings
 + Level 4.3 Necromancy
 + Level 4.3 Translocations
 + Level 4.3 Transmutations
 + Level 4.3 Fire Magic
 + Level 4.3 Ice Magic
 + Level 4.3 Air Magic
 + Level 4.3 Earth Magic
 + Level 4.3 Poison Magic
 + Level 5.7 Invocations
 + Level 5.2 Evocations


You had 19 spell levels left.
You didn't know any spells.
Your spell library contained the following spells:

 Spells                   Type           Power      Damage    Failure   Level
 Pain                     Necr           72%        1d7       19%         1
 Gell's Gravitas          Tloc           9%         N/A       47%         3
 Teleport Other           Tloc           18%        N/A       47%         3
 Agony                    Necr           18%        N/A       99%         5
 Excruciating Wounds      Necr           9%         N/A       99%         5
 Dispersal                Tloc           9%         N/A       100%        6


Dungeon Overview and Level Annotations

Branches:
Dungeon (7/15)             Temple (0/1) D:6

Altars:
Ru
Uskayaw

Shops:
D:5 (   D:6 :(([=

Annotations:
D:6 4 runed translucent doors, porpoise's ghost, novice OgAM


Innate Abilities, Weirdness & Mutations

You have very sharp teeth.
Your uncanny sense of smell can sniff out nearby items.
Your experience applies equally to all skills.


Message History

The howler monkey barely misses you.
The crimson imp blinks!
Aiming: Corrosive Bolt
Press: ? - help, Shift-Dir - straight line, f/p - kobold demonologist
Aim: a kobold demonologist, wielding a +0 dagger and wearing a +0 robe (moderately wounded, 64% to hit)
The bolt of acid hits the ice devil.
The ice devil is lightly wounded.
The bolt of acid hits the kobold demonologist!
The acid corrodes the kobold demonologist!
The kobold demonologist is heavily wounded.
The now-empty wand crumbles to dust.
The howler monkey barely misses you. The kobold brigand barely misses you.
The howler monkey closely misses you.
Throw: 4 javelins (silver)
Press: ? - help, Q - select action, (/) - cycle Shift-Dir - straight line, f/p - kobold demonologist
Aim: a kobold demonologist, wielding a +0 dagger and wearing a +0 robe (heavily wounded, covered in acid, 51% to hit)
You throw a silver javelin.
The silver javelin pierces through the ice devil!
The ice devil is heavily wounded.
The silver javelin barely misses the kobold demonologist.
The silver javelin pierces through the ice devil.
The ice devil is lightly wounded.
The kobold demonologist casts a spell.
The howler monkey hits you but does no damage.
The kobold brigand hits you with a +0 dagger!
* * * LOW HITPOINT WARNING * * *
The ice devil hits you but does no damage.
Throw: 3 javelins (silver)
Press: ? - help, Q - select action, (/) - cycle Shift-Dir - straight line, f/p - kobold demonologist
Aim: a kobold demonologist, wielding a +0 dagger and wearing a +0 robe (heavily wounded, covered in acid, 51% to hit)
You throw a silver javelin.
The silver javelin pierces through the ice devil.
The ice devil is heavily wounded.
The silver javelin pierces through the kobold demonologist.
The kobold demonologist is severely wounded.
The silver javelin pierces through the ice devil!
The ice devil is moderately wounded.
The howler monkey hoots and howls with incredible vigour!
The ice devil hits you.
* * * LOW HITPOINT WARNING * * *
The ice devil freezes you!!
You die...

#..##..##..#
##.....).....# # #..
#.....# ##.....#....#
#### ##....##..#
##....###...####...
#...###K.# #....##
##........# #..# #.K#
#...## ##....#### #..#
##.#####..## #..### #..
###..##....# #...### ..
#..........# #.....###
.K.........####.@##
##........ .##....##..#
#h4K## #)........ #
##..# ...#
#5K5)#####..####### #
#.. ..## ##.4..).##..##
# ##. ..#
#4ยงยง.........## ##. #
...#
#.......5......###...
##............##...[...#
......(...(..####....##
# ......(.)....# ##..##


You could see 2 ice devils, a kobold demonologist (corroded), a red devil
(summoned), a kobold brigand, a howler monkey (catching breath), a crimson imp
(summoned), a white imp (summoned) and an ufetubus (summoned).

Vanquished Creatures
  A cyclops (D:7)
  2 kobold demonologists (D:7)
  6 yaks
  Edmund (D:4)
  2 water moccasins (D:6)
  3 ice beasts
  2 necrophages (D:7)
  2 black bears
  3 ogres
  2 phantoms (D:5)
  A centaur (D:6)
  A kobold brigand (D:7)
  A bullfrog (D:6)
  A wyvern skeleton (D:7)
  12 wights (D:7)
  2 howler monkeys
  A hound (D:7)
  2 orc priests (D:6)
  A centaur skeleton (D:6)
  A gnoll shaman (D:6)
  4 iguanas
  2 orc wizards
  A howler monkey skeleton (D:4)
  7 gnolls
  10 adders
  A white imp (D:5)
  2 ufetubi
  4 worms
  4 dart slugs
  13 orcs
  4 endoplasms
  7 giant cockroaches
  6 goblins
  6 hobgoblins
  3 quokkas
  5 ball pythons
  9 bats
  5 frilled lizards
  7 kobolds
  6 rats
153 creatures vanquished.

Vanquished Creatures (others)
  A goblin (D:3)
1 creature vanquished.

Grand Total: 154 creatures vanquished

Notes
Turn   | Place    | Note
-------+----------+-------------------------------------------
     0 | D:1      | frimble the Gnoll Wanderer began the quest for the Orb.
     0 | D:1      | frimble set off with the following items: a +2 hand axe, a
                  | scroll of teleportation, a +0 spear, a +0 robe, a +0 dagger
     0 | D:1      | Reached XP level 1. HP: 20/20 MP: 1/1
   378 | D:1      | Reached XP level 2. HP: 23/26 MP: 2/2
   801 | D:1      | Reached XP level 3. HP: 24/31 MP: 3/3
  1029 | D:2      | Reached skill level 1 in Invocations
  1267 | D:2      | Reached skill level 1 in Short Blades
  1267 | D:2      | Reached skill level 1 in Long Blades
  1267 | D:2      | Reached skill level 1 in Maces & Flails
  1267 | D:2      | Reached skill level 1 in Staves
  1267 | D:2      | Reached skill level 1 in Slings
  1267 | D:2      | Reached skill level 1 in Bows
  1267 | D:2      | Reached skill level 1 in Crossbows
  1267 | D:2      | Reached skill level 1 in Dodging
  1267 | D:2      | Reached skill level 1 in Unarmed Combat
  1267 | D:2      | Reached skill level 1 in Spellcasting
  1267 | D:2      | Reached skill level 1 in Evocations
  1405 | D:2      | Reached XP level 4. HP: 27/38 MP: 5/5
  1967 | D:2      | Found a faded altar of an unknown god.
  2168 | D:3      | Noticed an ogre
  2184 | D:3      | Reached skill level 1 in Conjurations
  2184 | D:3      | Reached skill level 1 in Hexes
  2184 | D:3      | Reached skill level 1 in Summonings
  2184 | D:3      | Reached skill level 1 in Necromancy
  2184 | D:3      | Reached skill level 1 in Translocations
  2184 | D:3      | Reached skill level 1 in Transmutations
  2184 | D:3      | Reached skill level 1 in Fire Magic
  2184 | D:3      | Reached skill level 1 in Ice Magic
  2184 | D:3      | Reached skill level 1 in Air Magic
  2184 | D:3      | Reached skill level 1 in Earth Magic
  2184 | D:3      | Reached skill level 1 in Poison Magic
  2500 | D:3      | Reached XP level 5. HP: 28/43 MP: 6/6
  2766 | D:3      | Found a sacrificial altar of Ru.
  2960 | D:3      | Found a hide-covered altar of Uskayaw.
  3073 | D:3      | Killed an ogre
  3074 | D:3      | Reached XP level 6. HP: 31/50 MP: 8/8
  3744 | D:4      | Noticed a black bear
  3753 | D:4      | Killed a black bear
  3754 | D:4      | Reached skill level 5 in Fighting
  3754 | D:4      | Reached skill level 5 in Polearms
  3964 | D:4      | Noticed Edmund
  3970 | D:4      | Killed Edmund
  3971 | D:4      | Reached XP level 7. HP: 41/56 MP: 10/10
  4490 | D:5      | Entered Level 5 of the Dungeon
  4500 | D:5      | Reached skill level 5 in Stealth
  4682 | D:5      | Reached XP level 8. HP: 60/63 MP: 12/12
  4756 | D:5      | Found Vist's Weapon Boutique.
  5206 | D:6      | Found Aghat's Jewellery Shop.
  5322 | D:6      | Found a runed translucent door.
  5361 | D:6      | Found a staircase to the Ecumenical Temple.
  5511 | D:6      | Found Ythre's Armour Emporium.
  5558 | D:6      | Noticed a yak
  5558 | D:6      | Noticed a yak
  5559 | D:6      | Noticed a yak
  5559 | D:6      | Noticed a yak
  5561 | D:6      | Noticed a yak
  5562 | D:6      | Noticed a yak
  5568 | D:6      | Killed a yak
  5573 | D:6      | Killed a yak
  5578 | D:6      | HP: 3/64 [yak (10)]
  5594 | D:5      | Killed a yak
  5595 | D:5      | Reached XP level 9. HP: 14/69 MP: 14/14
  5893 | D:5      | Reached skill level 5 in Axes
  5893 | D:5      | Reached skill level 5 in Throwing
  5893 | D:5      | Reached skill level 5 in Armour
  5893 | D:5      | Reached skill level 5 in Shields
  6177 | D:6      | Found Lakkiq's Weapon Emporium.
  6200 | D:6      | Found a large runed translucent door.
  6201 | D:6      | Found a large runed translucent door.
  6277 | D:6      | Found a runed translucent door.
  6287 | D:6      | Noticed porpoise's ghost (novice OgAM)
  6474 | D:6      | Found Reddoqy's Book Emporium.
  6564 | D:6      | Found Gebis's Weapon Boutique.
  6863 | D:7      | Reached skill level 5 in Invocations
  6979 | D:7      | Noticed a cyclops
  6989 | D:7      | Killed a cyclops
  6990 | D:7      | Reached XP level 10. HP: 50/77 MP: 15/17
  7422 | D:7      | Noticed a kobold demonologist
  7423 | D:7      | Noticed a kobold demonologist
  7428 | D:7      | Noticed a rust devil
  7434 | D:7      | Noticed a kobold demonologist
  7436 | D:7      | Noticed a smoke demon
  7864 | D:7      | Reached skill level 5 in Short Blades
  7864 | D:7      | Reached skill level 5 in Long Blades
  7864 | D:7      | Reached skill level 5 in Maces & Flails
  7864 | D:7      | Reached skill level 5 in Staves
  7864 | D:7      | Reached skill level 5 in Slings
  7864 | D:7      | Reached skill level 5 in Bows
  7864 | D:7      | Reached skill level 5 in Crossbows
  7864 | D:7      | Reached skill level 5 in Dodging
  7864 | D:7      | Reached skill level 5 in Unarmed Combat
  7864 | D:7      | Reached skill level 5 in Spellcasting
  7864 | D:7      | Reached skill level 5 in Evocations
  8315 | D:7      | Noticed a smoke demon
  8315 | D:7      | Noticed a sun demon
  8316 | D:7      | Killed a kobold demonologist
  8316 | D:7      | Killed a kobold demonologist
  8320 | D:7      | Mangled by an ice devil

Illustrated notes

Levels and vault maps discovered:
D:1:      dpeg_chamrin_arrival_tetris, layout_basic
D:2:      layout_rooms, shapermc_ecumenical_altar_ellora,
          chequers_serial_rivers_small_a, minmay_fractal_squares_gapless_5
D:3:      layout_loops_cross, mainiacjoe_overflow_catch_the_wave,
          kennysheep_generic_room_2
D:4:      layout_basic, uniq_edmund
D:5:      layout_basic, serial_shops, shop
D:6:      layout_basic, jmf_multi_god_temple2,
          minmay_temple_entry_drinking_statues, ebering_ghost_sewer_f,
          serial_shops, shop, nicolae_stop_n_shop_1, nicolae_diamond_shop,
          nicolae_stop_n_shop_1, nicolae_shop_crystal
D:7:      layout_layer_cave

Skill      XL: |  1  2  3  4  5  6  7  8  9 10 |
---------------+-------------------------------+-----
Invocations    | 1 2 3 4 5 |  5.7
Short Blades   | 1 2 3 4 5 |  5.2
Long Blades    | 1 2 3 4 5 |  5.2
Maces & Flails | 1 2 3 4 5 |  5.2
Staves         | 1 2 3 4 5 |  5.2
Slings         | 1 2 3 4 5 |  5.2
Bows           | 1 2 3 4 5 |  5.2
Crossbows      | 1 2 3 4 5 |  5.2
Dodging        | 1 2 3 4 5 |  5.2
Unarmed Combat | 1 2 3 4 5 |  5.2
Spellcasting   | 1 2 3 4 5 |  5.2
Evocations     | 1 2 3 4 5 |  5.2
Conjurations   | 1 2 3 4 |  4.3
Hexes          | 1 2 3 4 |  4.3
Summonings     | 1 2 3 4 |  4.3
Necromancy     | 1 2 3 4 |  4.3
Translocations | 1 2 3 4 |  4.3
Transmutations | 1 2 3 4 |  4.3
Fire Magic     | 1 2 3 4 |  4.3
Ice Magic      | 1 2 3 4 |  4.3
Air Magic      | 1 2 3 4 |  4.3
Earth Magic    | 1 2 3 4 |  4.3
Poison Magic   | 1 2 3 4 |  4.3
Axes           | 3 4 5 |  5.9
Throwing       | 3 4 5 |  5.9
Armour         | 3 4 5 |  5.9
Shields        | 3 4 5 |  5.9
Fighting       | 5 6 7 |  7.0
Polearms       | 5 6 7 |  7.0
Stealth        | 5 6 |  6.8

Action                   |  1- 3 |  4- 6 |  7- 9 | 10-12 || total
-------------------------+-------+-------+-------+-------++-------
Melee: Hand axe          |    71 |   103 |   147 |    53 ||   374
       Bite              |     5 |    11 |    21 |     6 ||    43
       Punch             |       |       |     1 |     3 ||     4
Throw: Boomerang         |    16 |    26 |     3 |     4 ||    49
       Javelin           |       |       |     5 |     9 ||    14
Evoke: Wand              |       |       |       |     3 ||     3
  Use: Scroll            |       |     9 |     8 |     2 ||    19
       Potion            |       |       |     3 |     4 ||     7
 Stab: Sleeping          |     7 |     2 |       |       ||     9
       Distracted        |       |     1 |     2 |     1 ||     4
Armor: Robe              |    17 |       |       |       ||    17
       Leather armour    |     3 |    24 |       |       ||    27
       Chain mail        |       |       |    71 |    55 ||   126
Dodge: Dodged            |    36 |    55 |    53 |    49 ||   193

Table legend: (Time is in decaauts)
 A = Elapsed time spent in this place.
 B = Non-inter-level travel time spent in this place.
 C = Inter-level travel time spent in this place.
 D = Time resting spent in this place.
 E = Time spent auto-exploring this place.
 F = Levels seen in this place.
 G = Mean time per level.
                   A        B        C        D        E       F      G
               +--------+--------+--------+--------+--------+-----+--------+
         Total |   8380 |   8157 |    223 |    180 |   6758 |   7 | 1197.1 |
       Dungeon |   8380 |   8157 |    223 |    180 |   6758 |   7 | 1197.1 |
               +--------+--------+--------+--------+--------+-----+--------+

Top non-repeatable levels by time:
     D:7: 1610 daAuts
     D:5: 1255 daAuts
     D:1: 1221 daAuts
     D:3: 1192 daAuts
     D:2: 1188 daAuts
     D:6: 985 daAuts
     D:4: 927 daAuts
